 Dungeon Crawl Stone Soup version 0.27.1-3-gb3d3a73c9e (webtiles) character file.

Game seed: 1312723272770016380

497663 CuBeRJAN3 the Warrior (level 26, 0/205 HPs)
             Began as a Djinni Conjurer on Oct 24, 2021.
             Was the Champion of Makhleb.
             Slain by a shadow dragon (4 damage)
             ... while petrified by a catoblepas
             ... on level 5 of the Vaults on Oct 26, 2021.
             The game lasted 04:48:07 (76631 turns).

CuBeRJAN3 the Warrior (Djinni Conjurer)            Turns: 76631, Time: 04:48:07

Health: 0/205      AC: 13    Str: 10    XL:     26   Next: 43%
Gold:   1098       EV:  2    Int: 39    God:    Makhleb [******] SH:  0 Dex: 22

rFire    + + .     SeeInvis +   G - +8 rapier of Burnt Prudence {flame, rPois Int+8 Dex+3}
rCold    + + .     Faith    .   (no shield)
rNeg     + + +     Spirit   .   Y - +2 robe {rC+}
rPois    ∞         Reflect  .   V - +2 helmet {SInv}
rElec    .         Harm     .   y - +2 cloak
rCorr    .         Rampage  .   j - +2 pair of gloves "Beebolio" {Int+6}
Will     +++..                  (boots unavailable)
Stlth    ++++++....             N - amulet of Vitality {Regen+ HP+15}
HPRegen  0.00/turn              C - ring of willpower
MPRegen  0.00/turn              E - ring of Cappauj {rC++ Str+4 SInv}

@: petrified, flying, inhibited regen
A: sickness immunity, fire resistance 2, cold vulnerability 1, float, innate
caster, hp casting, extra vitality 1, inhibited regeneration
}: 2/15 runes: barnacled, gossamer
a: Renounce Religion, Minor Destruction, Lesser Servant of Makhleb, Major
Destruction, Greater Servant of Makhleb


You were on level 5 of the Vaults.
You worshipped Makhleb.
Makhleb was exalted by your worship.
You visited 8 branches of the dungeon, and saw 42 of its levels.
You visited 1 ziggurat, and saw 1 of its levels.
You also visited: Trove, Ossuary and Bailey.

You collected 4916 gold pieces.
You spent 3818 gold pieces at shops.

Inventory:

Hand Weapons
 G - the +8 rapier of Burnt Prudence (weapon) {flame, rPois Int+8 Dex+3}
   (You found it on level 6 of the Lair of Beasts)

   It burns those it strikes, dealing additional fire damage.
   Int:       It affects your intelligence (+8).
   Dex:       It affects your dexterity (+3).
   rPois:     It protects you from poison.
Missiles
 s - 6 throwing nets
Armour
 j - the +2 pair of gloves "Beebolio" (worn) {Int+6}
   (You found it in a treasure trove)

   Int:       It affects your intelligence (+6).
 y - a +2 cloak (worn)
 V - a +2 helmet of see invisible (worn)
 W - a scarf of invisibility
 Y - a +2 robe of cold resistance (worn)
Jewellery
 a - a ring of willpower
 h - a ring of see invisible
 n - the ring "Nazur" {rC+ rN+ Dex+6 Slay+3}
   (You found it on level 4 of the Depths)

   [ring of dexterity]

   Dex:       It affects your dexterity (+6).
   Slay:      It affects your accuracy & damage with ranged weapons and melee
   (+3).
   rC:        It protects you from cold.
   rN:        It protects you from negative energy.
 p - a ring of protection from cold
 C - a ring of willpower (left hand)
 E - the ring of Cappauj (right hand) {rC++ Str+4 SInv}
   (You took it off a spriggan air mage on level 4 of the Depths)

   [ring of see invisible]

   Str:       It affects your strength (+4).
   rC:        It greatly protects you from cold.
   SInv:      It lets you see invisible.
 H - a +4 ring of protection
 N - the amulet of Vitality (around neck) {Regen+ HP+15}
   (You found it on level 2 of the Shoals)

   [amulet of regeneration]

   HP:        It affects your health (+15).
   Regen:     It increases your rate of health regeneration.
 Z - a ring of resist corrosion
Wands
 b - a wand of charming (24)
 w - a wand of digging (24)
 A - a wand of paralysis (8)
 F - a wand of acid (31)
 I - a wand of flame (101)
 M - a wand of iceblast (26)
 R - a wand of mindburst (34)
Scrolls
 f - 8 scrolls of fog
 i - 5 scrolls of torment
 l - 20 scrolls of magic mapping
 m - 6 scrolls of vulnerability
 q - 4 scrolls of blinking
 r - 3 scrolls of enchant armour
 u - 15 scrolls of teleportation
 x - 2 scrolls of holy word
 z - 5 scrolls of immolation
 D - 3 scrolls of fear
 J - 7 scrolls of amnesia
 L - 4 scrolls of enchant weapon
 P - 7 scrolls of noise
 Q - 3 scrolls of brand weapon
 T - 3 scrolls of summoning
 X - 12 scrolls of identify
Potions
 c - 19 potions of curing
 d - 2 potions of resistance
 e - 7 potions of brilliance
 g - 8 potions of lignification
 k - 6 potions of magic
 o - 8 potions of invisibility
 t - 12 potions of haste
 v - 3 potions of heal wounds
 B - 8 potions of ambrosia
 O - 2 potions of cancellation
 S - 7 potions of attraction
 U - 7 potions of mutation
Miscellaneous
 K - a box of beasts


   Skills:
 * Level 20.3 Fighting
 - Level 12.0 Short Blades
 + Level 18.5 Dodging
 + Level 14.2 Stealth
 * Level 16.6 Spellcasting
 + Level 14.2 Invocations
 + Level 14.7 Evocations


You couldn't memorise any spells.
You knew the following spells:

 Your Spells              Type           Power      Damage    Failure   Level
a - Magic Dart            Conj           100%       1d8       0%          1
b - Searing Ray           Conj           100%       3d7       0%          2
c - Dazzling Flash        Conj/Hex       100%       N/A       0%          3
d - Fulminant Prism       Conj/Hex       52%        3d23      0%          4
e - Iskenderun's Mystic   Conj/Tloc      100%       2d19      0%          4
f - Animate Skeleton      Necr           100%       N/A       0%          1
g - Corpse Rot            Necr/Air       N/A        N/A       0%          2
h - Teleport Other        Tloc           100%       N/A       0%          3
i - Summon Lightning Spi  Summ/Air       100%       N/A       0%          4
j - Metabolic Englaciati  Hex/Ice        52%        N/A       1%          5
k - Fireball              Conj/Fire      52%        3d20      1%          5
l - Death Channel         Necr           52%        N/A       1%          6
m - Monstrous Menagerie   Summ           52%        N/A       1%          7
n - Orb of Destruction    Conj           52%        9d16      1%          7
o - Borgnjor's Revivific  Necr           52%        N/A       7%          8
p - Necromutation         Tmut/Necr      52%        N/A       7%          8
q - Death's Door          Necr           52%        N/A       71%         9
Your spell library was empty.

Dungeon Overview and Level Annotations

Branches:
Dungeon (15/15)            Temple (1/1) D:7            Lair (6/6) D:8
 Shoals (4/4) Lair:4       Spider (4/4) Lair:3        Slime (0/5) Lair:5
    Orc (2/2) D:12            Elf (0/3) Orc:2        Vaults (5/5) D:14
  Crypt (0/3) Vaults:2     Depths (5/5) D:15            Zot (0/5) Depths:5
Ossuary (visited)          Bailey (visited)

Altars:
Ashenzari
Cheibriados
Dithmenos
Elyvilon
Fedhas
Gozag
Hepliaklqana
Kikubaaqudgha
Makhleb
Nemelex Xobeh
Okawaru
Qazlal
Ru
Sif Muna
Trog
Uskayaw
Vehumet
Wu Jian
Xom
Yredelemnul
Zin
The Shining One
Beogh

Shops:
D:5 *   D:8 [[[   D:12 =(*[   Orc:2 [([   Shoals:2 (   Shoals:3 ((   Vaults:1 (
Vaults:2 *?   Vaults:4 ?   Depths:3 ==:

Portals:
Hell: Depths:1 Depths:2 Depths:3 Depths:4 Depths:5
Abyss: Depths:4 Depths:5
Pandemonium: Depths:3 Depths:5

Annotations:
D:2 1 runed translucent door, exclusion: door, Crazy Yiuf
D:7 2 transporters, exclusions: downstairs and 1 more exclusion, dengdeng's ghost, novice MiBe
D:10 1 runed translucent door, exclusion: door, nemesis's ghost, journeyman DsCj
D:15 1 exclusion
Lair:5 2 transporters, exclusions: downstairs, ice statue, oklob plant and 1 more exclusion, kalagan's ghost, journeyman DECj
Spider:3 Bai Suzhen
Spider:4 Arachne
Vaults:2 2 transporters, exclusions: downstairs and 1 more exclusion
Depths:4 3 runed translucent doors, exclusion: 3 doors


Innate Abilities, Weirdness & Mutations

You are immune to sickness and miasma.
You are immune to poison.
Your flesh is very heat resistant. (rF++)
You are vulnerable to cold. (rC-)
You float through the air rather than walking.
You learn spells naturally, not from books.
Your magical power is your life essence.
You have superior vitality. (+4 HP)
You do not regenerate when monsters are visible.


Message History

The mystic blast hits the ettin.
The ettin is lightly wounded.
The ettin is knocked back by the mystic blast.
The mystic blast hits the stone giant!
The stone giant is almost dead.
The storm dragon bites you. The storm dragon claws you.
The storm dragon tramples you.
You are shoved backwards!
The yaktaur captain shoots a bolt.
The bolt hits you!! The stone giant barely misses you.
The quicksilver ooze is engulfed in calcifying dust.
The quicksilver ooze is moving more slowly.
The ironbound preserver casts a spell.
The ironbound preserver begins to accept its allies' injuries.
The stone giant hits you!
You have turned to stone.
The war gargoyle launches metal splinters at you.
The spray of metal splinters hits you!!
The ironbound preserver gestures wildly while chanting.
The ironbound preserver begins to accept its allies' injuries.
The stone giant hits you!
The war gargoyle hits you with a +6 morningstar of holy wrath!!
The war gargoyle hits you with a +6 morningstar of holy wrath!
The ettin hits you with a +0 dire flail. x2
The yaktaur captain unwields a +0 arbalest.
The yaktaur captain barely misses you. The stone giant hits you!!!
* * * LOW HITPOINT WARNING * * *
You hear a shout!
The ironbound preserver casts a spell.
The ironbound preserver begins to accept its allies' injuries.
The war gargoyle hits you with a +6 morningstar of holy wrath!
* * * LOW HITPOINT WARNING * * *
The ettin hits you with a +0 dire flail!
* * * LOW HITPOINT WARNING * * *
The ettin hits you with a +0 dire flail!!
* * * LOW HITPOINT WARNING * * *
The stone giant hits you!!
* * * LOW HITPOINT WARNING * * *
The shadow dragon bites you!
* * * LOW HITPOINT WARNING * * *
The shadow dragon claws you!
You die...

...........#..........
...#...p..#........#..#
.........#..........#..#
...#....#.pp............
..#...ppp.p........
C#......D.pC#......
#.....)ppppe.#.....
.....))ppDC9c.#....
......p.ppD@(..#
.....#†.ppCD.}..#
......#..)pJ...:...
.#.....#..)........
..#.....#.!........ .
.......#.........
#.................
...............


You could see 2 shadow dragons, an iron dragon (sheltered), 2 ironbound
preservers, a storm dragon (sheltered), a stone giant (sheltered), 2 vault
wardens, a yaktaur captain (sheltered), 15 vault guards, a deep elf annihilator
(sheltered), 2 ettins, a war gargoyle (sheltered) and a quicksilver ooze shaped
shifter (sheltered, petrifying).

Vanquished Creatures
  A juggernaut (Depths:5)
  2 golden dragons (Depths:4)
  2 bone dragons (Depths:5)
  Jory (Vaults:2)
  Jorgrun (D:15)
  5 tentacled monstrosities
  2 titans (Depths:4)
  5 liches
  2 quicksilver dragons
  Kirke (D:14)
  A kraken (Shoals:4)
  8 sphinxes
  6 shadow dragons
  4 tengu reavers (Depths:4)
  A pandemonium lord (Zig:1)
  Donald (Shoals:2)
  3 storm dragons (Depths:4)
  An azure jelly (Shoals:1)
  A draconian knight (Depths:5)
  13 fire giants
  4 iron dragons
  Aizul (Vaults:2)
  14 frost giants
  4 ghost moths
  A draconian scorcher (Depths:5)
  5 orc warlords
  A balrug (Depths:2)
  A deep elf elementalist (Depths:4)
  The ghost of CuBeRJAN3 the Fighter, a journeyman DjCj of Makhleb (D:13)
  6 emperor scorpions
  13 vault wardens
  17 ironbound preservers
  A spriggan defender (Depths:4)
  22 very ugly things
  A reaper (Depths:5)
  23 stone giants
  3 deep elf demonologists
  A dire elephant (Lair:3)
  5 spark wasps
  A black draconian (Depths:5)
  5 vampire knights
  A green draconian (Depths:5)
  2 entropy weavers
  A yellow draconian (Depths:5)
  An entropy weaver (shapeshifter) (Depths:4)
  A red draconian (Depths:5)
  3 white draconians (Depths:5)
  2 deep elf death magi
  14 ettins
  6 merfolk javelineers
  A crystal guardian (Vaults:4)
  2 jiangshi (Depths:1)
  An ettin (shapeshifter) (Vaults:2)
  18 fire dragons
  12 merfolk impalers
  17 great orbs of eyes
  4 yaktaur captains
  12 boulder beetles
  7 hydras
  7 ironbound thunderhulks
  5 rakshasas
  3 deep elf high priests
  A hell beast (Depths:2)
  Fannar (D:12)
  2 ogre magi
  9 centaur warriors
  A peacekeeper (Vaults:4)
  6 spriggan air magi
  21 vault guards
  11 ice dragons
  5 merfolk avatars
  6 ironbound frosthearts
  An anaconda (Lair:5)
  3 alligator snapping turtles
  11 deep troll shamans
  2 death knights
  A satyr (Shoals:1)
  3 vampire magi
  6 two-headed ogres
  An alligator (Lair:6)
  5 tengu warriors
  3 hell hogs (Depths:3)
  6 deep troll earth magi
  2 ironbound beastmasters (Vaults:3)
  3 nameless horrors
  4 hell knights
  Urug (D:12)
  2 orc high priests (Orc:2)
  2 spriggan berserkers
  3 iron trolls (Depths:1)
  A shadow wraith (Vaults:5)
  3 soul eaters
  A skeletal warrior (D:14)
  A sixfirhy (Depths:3)
  5 glowing orange brains
  13 sea snakes
  50 deep trolls
  2 goliath frogs (Lair:6)
  A flayed ghost (Depths:2)
  11 wizards
  A deep elf archer (Vaults:4)
  12 orc knights
  4 lindwurms (Vaults:3)
  A wolf spider zombie (D:15)
  16 ironbound convokers
  Pikel (D:4)
  18 harpies
  2 spectral wolf spiders (D:13)
  60 ugly things
  7 necromancers
  4 deep elf pyromancers
  3 deep elf zephyrmancers (Vaults:4)
  A mana viper (shapeshifter) (Depths:4)
  15 wolf spiders
  9 orb spiders
  7 fauns
  4 orc sorcerers
  A stone giant zombie (Vaults:4)
  A spectral centaur (D:13)
  14 manticores
  6 cyclopes
  10 black mambas
  29 elephants
  2 moths of wrath (Spider:2)
  17 vault sentinels
  10 water nymphs
  A rust devil (Depths:5)
  8 merfolk sirens
  2 torpor snails
  22 cane toads
  A gargoyle (D:13)
  2 smoke demons (Depths:3)
  Maggie (D:9)
  A yaktaur zombie (Vaults:2)
  3 elf skeletons
  18 yaktaurs
  4 freezing wraiths
  A tormentor (Depths:3)
  2 unseen horrors
  A rime drake (Lair:6)
  A tengu conjurer (Depths:4)
  7 komodo dragons
  6 demonic crawlers
  6 ice devils
  2 human skeletons
  27 merfolk
  A hellwing (Depths:5)
  2 red devils (Depths:5)
  21 jumping spiders
  7 trolls
  4 hornets
  3 polar bears
  A spectral harpy (D:13)
  7 tyrant leeches
  8 wind drakes
  3 meliai (D:15)
  36 slime creatures
  14 blink frogs
  A dream sheep (shapeshifter) (Depths:4)
  15 snapping turtles
  6 dream sheep
  A fire giant simulacrum (Vaults:2)
  3 centaur simulacra (D:13)
  43 redbacks
  3 spriggans
  21 tarantellas
  A vampire (D:13)
  An ettin skeleton (Vaults:1)
  A wraith (Vaults:2)
  4 wyverns
  3 water elementals
  40 yaks
  2 shadows
  2 hogs (D:13)
  5 humans (D:14)
  Grum (D:8)
  A ynoxinul (Depths:5)
  2 chaos spawn
  11 vampire mosquitoes
  A neqoxec (Depths:3)
  4 wargs (D:11)
  Edmund (D:5)
  3 acid dragons
  2 floating eyes (Depths:4)
  20 water moccasins
  Duvessa (D:7)
  A spectral hornet (D:13)
  49 orc warriors
  3 ettin simulacra (Depths:3)
  2 sky beasts
  The ghost of CurlyBrace the Sneak, an amateur FeFE (D:5)
  A meliai simulacrum (D:15)
  2 hornet zombies
  A black bear (D:5)
  10 ogres
  28 wolves
  24 centaurs
  2 phantoms
  4 lemures (D:4)
  An elf zombie (Ossuary)
  A kobold brigand (D:9)
  15 bullfrogs
  Blork the orc (D:5)
  2 scorpions (D:5)
  2 wyvern zombies
  4 wights (D:7)
  3 howler monkeys (D:9)
  2 electric eels
  8 centaur zombies
  4 hounds
  4 human zombies
  15 jellies (Lair:5)
  3 centaur skeletons
  33 orc priests
  Jessica (D:2)
  An iguana (D:4)
  Terence (D:2)
  11 hell rats (Lair:6)
  30 orc wizards
  2 hound skeletons (D:4)
  2 mummies (Ossuary)
  3 howler monkey zombies
  A howler monkey skeleton (D:2)
  15 gnolls
  6 adders
  A shadow imp (D:6)
  2 adder zombies (Ossuary)
  A dart slug (D:2)
  130 orcs
  5 bats
  7 endoplasms
  2 giant cockroaches (D:1)
  21 goblins
  19 hobgoblins
  7 jackals (D:1)
  2 quokkas
  6 ball pythons
  6 frilled lizards
  9 hobgoblin zombies (Ossuary)
  3 jackal zombies (Ossuary)
  15 kobolds
  10 kobold zombies (Ossuary)
  7 orc zombies (Ossuary)
  4 rats
  A rat zombie (Ossuary)
  3 bushes
  2 butterflies (Lair:1)
1760 creatures vanquished.

Vanquished Creatures (collateral kills)
  An emperor scorpion (Spider:4)
  2 boulder beetles (Spider:2)
  A hydra (Lair:2)
  A centaur warrior (D:10)
  Erica (Lair:2)
  3 two-headed ogres
  9 harpies (Shoals:1)
  A phantasmal warrior (D:14)
  4 orb spiders
  A moth of wrath (Spider:2)
  An ugly thing (Vaults:1)
  7 elephants
  2 black mambas
  Joseph (D:7)
  A cane toad (Lair:4)
  2 komodo dragons (Lair:4)
  Psyche (D:9)
  A rime drake (Lair:4)
  A tengu conjurer (D:13)
  4 jumping spiders
  A merfolk (Shoals:1)
  A polar bear (Lair:5)
  A centaur simulacrum (D:13)
  A wyvern (Lair:2)
  11 redbacks
  4 tarantellas
  A basilisk (Lair:3)
  2 water moccasins
  An acid dragon (D:10)
  A black bear (Lair:2)
  An orc warrior (Orc:2)
  A wolf (Lair:3)
  A bullfrog (Lair:2)
  Dowan (D:7)
  An orc wizard (D:7)
  A hell rat (Lair:6)
  An orc (D:7)
  A fulminant prism (D:9)
77 creatures vanquished.

Vanquished Creatures (others)
  A fire giant (Depths:5)
  A fire dragon (Depths:4)
  A vault guard (D:14)
  A human (D:14)
  31 bushes (Depths:1)
  111 fulminant prisms
  111 fungi
  273 plants
  8 tentacles (Shoals:4)
538 creatures vanquished.

Grand Total: 2375 creatures vanquished

Notes
Turn   | Place    | Note
-------+----------+-------------------------------------------
     0 | D:1      | CuBeRJAN3 the Djinni Conjurer began the quest for the Orb.
     0 | D:1      | Reached XP level 1. HP: 15/15 MP: 0/0
   329 | D:1      | Reached XP level 2. HP: 18/22 MP: 0/0
   562 | D:1      | Reached skill level 1 in Fighting
   575 | D:1      | Found a faded altar of an unknown god.
   750 | D:1      | Reached XP level 3. HP: 24/27 MP: 0/0
   750 | D:1      | Learned a level 1 spell: Animate Skeleton
  1409 | D:2      | Found a runed translucent door.
  1410 | D:2      | Noticed Crazy Yiuf
  1680 | D:2      | Reached XP level 4. HP: 25/32 MP: 0/0
  1712 | D:2      | Reached skill level 1 in Short Blades
  2155 | D:2      | Noticed Terence
  2158 | D:2      | Killed Terence
  2159 | D:2      | Reached skill level 2 in Fighting
  2159 | D:2      | Reached XP level 5. HP: 25/38 MP: 0/0
  2159 | D:2      | Learned a level 2 spell: Corpse Rot
  2280 | D:2      | Noticed Jessica
  2285 | D:2      | Killed Jessica
  3498 | D:4      | Reached XP level 6. HP: 34/45 MP: 0/0
  3991 | D:4      | Noticed Pikel
  4198 | D:5      | Entered Level 5 of the Dungeon
  4203 | D:5      | Noticed a black bear
  4208 | D:5      | Killed a black bear
  4209 | D:5      | Reached skill level 3 in Fighting
  4218 | D:5      | Reached XP level 7. HP: 30/50 MP: 0/0
  4218 | D:5      | Learned a level 3 spell: Teleport Other
  4455 | D:5      | Noticed Blork the orc
  4461 | D:5      | Found Nuepy's General Store.
  4474 | D:5      | Killed Blork the orc
  4577 | D:5      | Bought a scroll of identify for 24 gold pieces
  4577 | D:5      | Bought a scroll of identify for 24 gold pieces
  4598 | D:5      | Found a sand-covered staircase.
  4611 | D:5      | Found a shimmering altar of Xom.
  4613 | Ossuary  | Entered an ossuary
  5176 | Ossuary  | Reached skill level 4 in Fighting
  5333 | Ossuary  | Reached XP level 8. HP: 15/58 MP: 0/0
  5641 | D:5      | Found an ornate altar of the Wu Jian Council.
  5641 | D:5      | Found a sparkling altar of Nemelex Xobeh.
  5873 | D:5      | Noticed Edmund
  5891 | D:5      | Killed Edmund
  5892 | D:5      | Reached skill level 5 in Spellcasting
  6098 | D:5      | Found a glowing silver altar of Zin.
  6296 | D:5      | Found a runed translucent door.
  6296 | D:5      | Noticed CurlyBrace's ghost (amateur FeFE)
  6482 | D:5      | Killed CurlyBrace's ghost
  6483 | D:5      | Reached skill level 5 in Fighting
  7523 | D:6      | Reached XP level 9. HP: 39/65 MP: 0/0
  7523 | D:6      | Learned a level 4 spell: Summon Lightning Spire
  8556 | D:4      | Found a shadowy altar of Dithmenos.
  8920 | D:4      | Killed Pikel
  8921 | D:4      | Reached skill level 6 in Fighting
  8921 | D:4      | Reached skill level 5 in Dodging
  8921 | D:4      | Reached skill level 1 in Evocations
  9087 | D:7      | Noticed Duvessa
  9087 | D:7      | Noticed Dowan
  9139 | D:7      | Found a transporter.
  9363 | D:7      | Noticed Joseph
 10341 | D:7      | Killed Duvessa
 10708 | D:7      | Killed Dowan
 11090 | D:7      | Killed Joseph
 11091 | D:7      | Reached XP level 10. HP: 70/73 MP: 0/0
 11286 | D:7      | Found a staircase to the Ecumenical Temple.
 11367 | D:7      | Noticed a moth of wrath
 11395 | D:7      | Noticed dengdeng's ghost (novice MiBe)
 11397 | D:7      | Found a bloodstained altar of Trog.
 11407 | D:7      | Found a transporter.
 11879 | Temple   | Entered the Ecumenical Temple
 12018 | Temple   | Became a worshipper of Makhleb the Destroyer
 12569 | D:8      | Found Fizi's Armour Boutique.
 12582 | D:8      | Found a broken altar of Ashenzari.
 12584 | D:8      | Found a bloodstained altar of Trog.
 12590 | D:8      | Reached skill level 7 in Fighting
 12596 | D:8      | Reached * piety under Makhleb
 12608 | D:8      | Noticed Grum
 12630 | D:8      | Killed Grum
 12827 | D:8      | Reached skill level 5 in Stealth
 12902 | D:8      | Found a staircase to the Lair.
 12995 | D:8      | Noticed a boulder beetle
 13182 | D:8      | Found Dojofoum's Antique Armour Shop.
 13195 | D:8      | Found Ixtem's Antique Armour Shoppe.
 13203 | D:8      | Bought a warped robe for 171 gold pieces
 13203 | D:8      | Identified the +0 robe of the Gloaming {rCorr} (You bought
                  | it in a shop on level 8 of the Dungeon)
 13884 | D:9      | Noticed Psyche
 13999 | D:9      | Noticed Maggie
 14075 | D:9      | Killed Maggie
 14836 | D:9      | Killed Psyche
 14837 | D:9      | Reached skill level 8 in Fighting
 14984 | D:9      | Found a glowing golden altar of the Shining One.
 14993 | D:9      | Reached XP level 11. HP: 77/81 MP: 0/0
 14993 | D:9      | Learned a level 5 spell: Metabolic Englaciation
 15027 | D:9      | Reached skill level 5 in Short Blades
 15381 | D:10     | Entered Level 10 of the Dungeon
 15381 | D:10     | Noticed a two-headed ogre
 15384 | D:10     | Noticed a centaur warrior
 15387 | D:10     | Killed a two-headed ogre
 16280 | D:10     | Reached skill level 1 in Invocations
 16505 | D:10     | Found a runed translucent door.
 16505 | D:10     | Noticed nemesis's ghost (journeyman DsCj)
 16556 | D:10     | Killed a centaur warrior
 18000 | D:11     | Noticed a two-headed ogre
 18016 | D:11     | Killed a two-headed ogre
 18546 | D:11     | Reached skill level 9 in Fighting
 18928 | Lair:1   | Entered Level 1 of the Lair of Beasts
 19411 | Lair:1   | Identified the +7 short sword of Patterns {flame, rF+ rC+
                  | Dex+3}
 19836 | Lair:1   | Reached ** piety under Makhleb
 20036 | Lair:1   | Reached XP level 12. HP: 79/89 MP: 0/0
 20052 | Lair:1   | Reached skill level 5 in Evocations
 20384 | Lair:2   | HP: 1/90 [elephant (13)]
 20709 | Lair:2   | Noticed a seven-headed hydra
 20864 | Lair:2   | Killed a seven-headed hydra
 21130 | Lair:2   | Reached skill level 10 in Fighting
 21474 | Lair:2   | Noticed Erica
 21476 | Lair:2   | Noticed an eight-headed hydra
 21482 | Lair:2   | Killed Erica
 21486 | Lair:2   | Killed an eight-headed hydra
 22373 | Lair:3   | Reached XP level 13. HP: 62/96 MP: 0/0
 22373 | Lair:3   | Learned a level 5 spell: Fireball
 22374 | Lair:3   | Reached *** piety under Makhleb
 23091 | Lair:3   | Noticed a boulder beetle
 23109 | Lair:3   | Killed a boulder beetle
 24127 | Lair:3   | Reached skill level 5 in Invocations
 24130 | Lair:3   | Noticed a dire elephant
 24373 | Lair:3   | Killed a dire elephant
 25016 | Lair:3   | Reached skill level 11 in Fighting
 25304 | Lair:3   | Reached **** piety under Makhleb
 25507 | Lair:3   | Found a hole to the Spider Nest.
 26297 | Lair:4   | Reached XP level 14. HP: 81/105 MP: 0/0
 26680 | Lair:4   | Reached ***** piety under Makhleb
 26900 | Lair:4   | Found a staircase to the Shoals.
 27573 | Lair:5   | Found a transporter.
 28177 | Lair:5   | Found a staircase to the Slime Pits.
 28380 | Lair:5   | Found a transporter.
 28380 | Lair:5   | Noticed kalagan's ghost (journeyman DECj)
 28884 | Lair:5   | Identified the +1 robe "Pehy" {rCorr}
 29074 | Lair:6   | Entered Level 6 of the Lair of Beasts
 29750 | Lair:6   | Reached skill level 10 in Spellcasting
 30321 | Lair:6   | Reached skill level 12 in Fighting
 30781 | Lair:6   | Reached skill level 10 in Dodging
 31374 | Lair:6   | Reached ****** piety under Makhleb
 31391 | Lair:6   | Identified the +8 rapier of Burnt Prudence {flame, rPois
                  | Int+8 Dex+3}
 31408 | Lair:6   | Reached XP level 15. HP: 99/112 MP: 0/0
 31408 | Lair:6   | Learned a level 6 spell: Death Channel
 33030 | D:12     | Noticed Fannar
 33030 | D:12     | Found a staircase to the Orcish Mines.
 33343 | D:12     | Killed Fannar
 33960 | D:12     | Found Miesule's Antique Weapon Shoppe.
 34054 | D:12     | You are sucked into a shaft and drop 1 floor!
 34287 | D:13     | Found a runed translucent gate.
 34356 | D:12     | Found Waabbigg's General Store.
 34397 | D:12     | Bought a scroll of fear for 56 gold pieces
 34397 | D:12     | Bought a scroll of magic mapping for 56 gold pieces
 34587 | D:12     | Found Kathiac's Antique Armour Shoppe.
 34869 | D:12     | Found Tuwoi's Jewellery Shop.
 34870 | D:12     | Noticed Urug
 34881 | D:12     | Killed Urug
 34904 | D:12     | Bought a ring of see invisible for 210 gold pieces
 34944 | Orc:1    | Entered Level 1 of the Orcish Mines
 35187 | Orc:1    | Found a flagged portal.
 35201 | Bailey   | Entered a bailey
 35767 | Bailey   | Noticed an orc warlord
 35777 | Bailey   | Killed an orc warlord
 36075 | Bailey   | Reached skill level 13 in Fighting
 36075 | Bailey   | Reached XP level 16. HP: 121/121 MP: 0/0
 36079 | Bailey   | Acquired a manual of Dodging
 36509 | Orc:2    | Entered Level 2 of the Orcish Mines
 37809 | Orc:2    | Found Ino Vore's Armour Boutique.
 37816 | Orc:2    | Bought a +2 pair of gloves for 247 gold pieces
 38259 | Orc:2    | Found Cejuxem's Antique Weapon Shop.
 38310 | Orc:2    | Found Oppiz's Antique Armour Boutique.
 38340 | Orc:2    | Bought an embroidered cloak for 247 gold pieces
 38340 | Orc:2    | Bought a shiny helmet for 247 gold pieces
 38540 | Orc:2    | Found a staircase to the Elven Halls.
 38724 | Orc:2    | Found Luefuar's General Store.
 40426 | D:13     | Reached XP level 17. HP: 70/127 MP: 0/0
 40426 | D:13     | Learned a level 7 spell: Monstrous Menagerie
 40676 | D:13     | Found a runed translucent gate.
 40676 | D:13     | Found a runed translucent gate.
 40677 | D:13     | Noticed CuBeRJAN3's ghost (journeyman DjCj)
 40716 | D:13     | Killed CuBeRJAN3's ghost
 40976 | D:13     | Identified the +7 lajatang of Qamoump {vorpal, *Rage Will+
                  | Int+3 Stlth+}
 40981 | D:13     | Identified the +2 dagger "Virio" {freeze, Fly Str+7 Dex+3}
 41392 | D:14     | Found a shadowy altar of Dithmenos.
 41397 | D:14     | Found a portal to a secret trove of treasure.
 42871 | D:14     | Noticed Kirke
 42904 | D:14     | Killed Kirke
 43199 | D:14     | Found a gate to the Vaults.
 43367 | D:15     | Entered Level 15 of the Dungeon
 43436 | D:15     | Found a shimmering altar of Xom.
 43438 | D:15     | Found a shimmering altar of Xom.
 43781 | Spider:1 | Entered Level 1 of the Spider Nest
 44269 | Spider:1 | Reached skill level 14 in Fighting
 46235 | Spider:2 | Reached XP level 18. HP: 119/135 MP: 0/0
 49069 | Spider:4 | Entered Level 4 of the Spider Nest
 49247 | Spider:4 | Reached skill level 10 in Stealth
 49582 | Spider:4 | Reached skill level 10 in Evocations
 50099 | Spider:4 | Reached skill level 10 in Short Blades
 50618 | Spider:4 | Got a gossamer rune of Zot
 50914 | Spider:4 | Noticed Arachne
 50959 | Spider:3 | Noticed Bai Suzhen
 51436 | D:15     | Found a shimmering altar of Xom.
 51440 | D:15     | Found a shimmering altar of Xom.
 51521 | D:15     | Noticed Jorgrun
 52369 | D:15     | Found a staircase to the Depths.
 52597 | D:15     | Reached skill level 15 in Fighting
 52803 | D:15     | Killed Jorgrun
 52804 | D:15     | Reached XP level 19. HP: 143/143 MP: 0/0
 52804 | D:15     | Learned a level 7 spell: Orb of Destruction
 52834 | D:15     | Found a shimmering altar of Xom.
 53159 | D:12     | Bought an amulet of regeneration for 420 gold pieces
 53388 | D:5      | Bought a scroll of enchant armour for 90 gold pieces
 53932 | Shoals:1 | Entered Level 1 of the Shoals
 54160 | Shoals:1 | Found a frozen archway.
 55073 | Shoals:2 | Found the amulet of Vitality {Regen+ HP+15}
 55100 | Shoals:2 | Noticed Donald
 55104 | Shoals:2 | Killed Donald
 55357 | Shoals:2 | Reached skill level 10 in Invocations
 55411 | Shoals:2 | Found Raudun's Antique Weapon Shoppe.
 56187 | Shoals:3 | Found Cacvexur's Weapon Shop.
 56563 | Shoals:3 | Found Syof's Weapon Shoppe.
 57047 | Shoals:4 | Entered Level 4 of the Shoals
 57482 | Shoals:4 | Reached XP level 20. HP: 151/151 MP: 0/0
 58044 | Shoals:4 | Got a barnacled rune of Zot
 58132 | Shoals:4 | Reached skill level 16 in Fighting
 59010 | D:14     | You paid a toll of a +6 demon trident to enter a treasure
                  | trove
 59011 | Trove    | Entered a treasure trove
 59018 | Trove    | Identified the +2 pair of gloves "Beebolio" {Int+6}
 59020 | Trove    | Identified the +0 robe "Ickesk" {rF++ rN+ MP+9 Dex-4}
 59037 | Trove    | Identified the +4 scale mail of the Sun {-Tele rPois rF+++
                  | Dex-4}
 59043 | Trove    | Identified the +8 plate armour "Mawechus" {rElec rCorr}
 59145 | Vaults:1 | Entered Level 1 of the Vaults
 59206 | Vaults:1 | Reached skill level 15 in Dodging
 60250 | Vaults:1 | Found Vexze's Antique Weapon Boutique.
 60904 | Vaults:2 | Found Tiamyt's Magic Scroll Shoppe.
 60914 | Vaults:2 | Bought a scroll of blinking for 97 gold pieces
 60914 | Vaults:2 | Bought a scroll of teleportation for 39 gold pieces
 60914 | Vaults:2 | Bought a scroll of enchant armour for 97 gold pieces
 60914 | Vaults:2 | Bought a scroll of enchant armour for 97 gold pieces
 60914 | Vaults:2 | Bought 2 scrolls of teleportation for 78 gold pieces
 60914 | Vaults:2 | Bought a scroll of blinking for 97 gold pieces
 60969 | Vaults:2 | Noticed Aizul
 60977 | Vaults:2 | Killed Aizul
 60978 | Vaults:2 | Reached XP level 21. HP: 154/158 MP: 0/0
 60978 | Vaults:2 | Learned a level 8 spell: Borgnjor's Revivification
 61351 | Vaults:2 | Noticed Jory
 61367 | Vaults:2 | Killed Jory
 61440 | Vaults:2 | Found Zuhotery's Assorted Antiques.
 61447 | Vaults:2 | Identified the +8 mace "Eraoth" {vorpal, rN+ rCorr}
 61451 | Vaults:2 | Bought a scroll of magic mapping for 108 gold pieces
 61816 | Vaults:2 | Found a staircase to the Crypt.
 61954 | Vaults:2 | Found a transporter.
 61954 | Vaults:2 | Found a transporter.
 62837 | Vaults:3 | Reached skill level 17 in Fighting
 63395 | Vaults:3 | Reached XP level 22. HP: 166/166 MP: 0/0
 63396 | Vaults:3 | Paralysed by a great orb of eyes for 6 turns
 64399 | Vaults:4 | Identified the +3 scale mail "Gimpom" {Dex+3}
 64451 | Vaults:4 | Identified the +4 ring mail "Penob" {-Cast rElec Str+2
                  | Dex+4}
 64985 | Vaults:4 | Found Fesauzim's Magic Scroll Shop.
 65011 | Vaults:4 | Bought a scroll of teleportation for 51 gold pieces
 65011 | Vaults:4 | Bought a scroll of teleportation for 51 gold pieces
 65011 | Vaults:4 | Bought a scroll of summoning for 161 gold pieces
 65994 | Depths:1 | Entered Level 1 of the Depths
 65994 | Depths:1 | Found a gateway to Hell.
 66071 | Depths:1 | Reached XP level 23. HP: 175/175 MP: 0/0
 66071 | Depths:1 | Learned a level 8 spell: Necromutation
 66195 | Depths:1 | Found an ornate altar of the Wu Jian Council.
 66205 | Depths:1 | Reached skill level 18 in Fighting
 67886 | Depths:2 | Found a gateway to a ziggurat.
 68336 | Zig:1    | Entered Level 1 of a ziggurat
 68336 | Zig:1    | Noticed Pugatot the pandemonium lord
 68375 | Zig:1    | Killed Pugatot the pandemonium lord
 68376 | Zig:1    | Reached skill level 15 in Spellcasting
 69126 | Depths:3 | Found Hoblyc Ybak's Jewellery Emporium.
 69127 | Depths:3 | Found Utorchean's Book Boutique.
 69128 | Depths:3 | Found Kung's Jewellery Emporium.
 69139 | Depths:3 | Bought a ring of willpower for 575 gold pieces
 69139 | Depths:3 | Bought a ring of willpower for 575 gold pieces
 70078 | Depths:3 | Found a one-way gate leading to the halls of Pandemonium.
 70397 | Depths:4 | Reached XP level 24. HP: 152/183 MP: 0/0
 70678 | Depths:4 | Found a one-way gate to the infinite horrors of the Abyss.
 70712 | Depths:4 | Identified the ring of Cappauj {rC++ Str+4 SInv}
 71277 | Depths:4 | Noticed a golden dragon
 71291 | Depths:4 | Killed a golden dragon
 71358 | Depths:4 | Reached skill level 19 in Fighting
 72530 | Depths:4 | Identified the ring of Ceif {Wiz rC+ Will+ rCorr SInv}
 72535 | Depths:4 | Identified the +1 cloak of Moskulev {rElec rCorr Dex+5
                  | Stlth-}
 72549 | Depths:4 | Noticed a golden dragon
 72563 | Depths:4 | Killed a golden dragon
 72802 | Depths:4 | Reached XP level 25. HP: 191/191 MP: 0/0
 72802 | Depths:4 | Learned a level 9 spell: Death's Door
 72806 | Depths:4 | Identified the ring of Zeono {rCorr EV+4 Stlth+}
 72895 | Depths:4 | Found a sacrificial altar of Ru.
 72943 | Depths:4 | Found a runed translucent door.
 72943 | Depths:4 | Noticed a juggernaut
 72944 | Depths:4 | Found a runed translucent door.
 72945 | Depths:4 | Found a runed translucent door.
 73608 | Depths:4 | Identified the ring "Nazur" {rC+ rN+ Dex+6 Slay+3}
 74192 | Depths:4 | Found an ornate altar of the Wu Jian Council.
 74194 | Depths:4 | Found a glowing silver altar of Zin.
 74194 | Depths:4 | Found a hazy altar of Hepliaklqana.
 74343 | Depths:4 | Identified the ring of Untruth {Fly rF+ Will+ Dex+6}
 74351 | Depths:4 | Identified the +6 falchion of the Sneaky Bones {flame,
                  | *Rage Int+7 Stlth+}
 74492 | Depths:5 | Entered Level 5 of the Depths
 74716 | Depths:5 | Noticed a juggernaut
 74849 | Depths:5 | Killed a juggernaut
 75230 | Depths:5 | Reached skill level 20 in Fighting
 75475 | Depths:5 | Reached XP level 26. HP: 200/200 MP: 0/0
 75667 | Depths:5 | Found a gate to the Realm of Zot.
 76596 | Vaults:5 | Entered Level 5 of the Vaults
 76614 | Vaults:5 | Gained mutation: You do not regenerate when monsters are
                  | visible. [a cacodemon]
 76631 | Vaults:5 | HP: 7/205 [stone giant (11)]
 76631 | Vaults:5 | Slain by a shadow dragon

Illustrated notes

Levels and vault maps discovered:
D:1:      minmay_arrival_shattered_statue, layout_loops_ring,
          dreamdust_ecumenical_altar_angels_and_demons
D:2:      layout_loops_ring, minmay_tromino_v4_c, uniq_crazy_yiuf_cottage,
          uniq_jessica, uniq_terence
D:3:      layout_basic
D:4:      layout_loops_ring, lemuel_crystal_altar, uniq_pikel
D:5:      layout_loops_ring, grunt_temple_overflow_open, enter_ossuary_3,
          hellmonk_ghost_happy_afterlife, serial_shops, nicolae_diamond_shop,
          cheibrodos_gnoll_hut, uniq_blork_the_orc, uniq_edmund
D:6:      layout_loops_cross
D:7:      layout_basic, minmay_temple_entry_from_below_b,
          gammafunk_ghost_wrathful_warriors, uniq_duvessa, uniq_joseph
D:8:      layout_basic, chequers_temple_overflow_statue_of_worship,
          lair_entry_dummy, serial_bayou, serial_bayou_crossing,
          serial_bayou_pond_a, serial_bayou_lagoon_a, serial_bayou_pond_d,
          serial_shops, shop, shop, shop, minmay_small_thing, uniq_grum
D:9:      layout_basic, mainiacjoe_overflow_alcove_1, uniq_maggie, uniq_psyche
D:10:     layout_cave_pools, ebering_ghost_reflecting_pool,
          chequers_hall_statues_corner_a
D:11:     layout_irregular_city, nooodl_orcs_dogs
D:12:     layout_roguey, david_orc_5, serial_shops, nicolae_shop_waterfront,
          shop_statue, shop, nicolae_inconvenience_store, uniq_fannar, uniq_urug
D:13:     layout_stronghold, gammafunk_ghost_necromancy
D:14:     layout_long_grid, ximxim_vaults_locker_room,
          nicolae_trove_entry_isolated, grunt_dithmenos_smoke_and_mirrors,
          uniq_kirke
D:15:     grunt_enter_depths_magical_seal, layout_basic, xom_redecorated,
          uniq_jorgrun
Temple:   minmay_temple_bridge_abc
Lair:1:   beast_lair_carwin_large_2, layout_layer_cave,
          nicolae_lair_grove_arrangements, lemuel_fruit_fields
Lair:2:   layout_concentric_octagons, grunt_megastairs_1, uniq_erica
Lair:3:   mu_elephants_graveyard, layout_chaotic_city, spider_nest_entry_webs
Lair:4:   layout_long_grid, shoals_dummy_entry
Lair:5:   beast_lair_carwin_large_1, layout_cave_pods,
          minmay_slime_entry_jelly_boxes, nzn_ghost_randoct
Lair:6:   minmay_lair_end_frog_pond, layout_misc_corridors
Shoals:1: layout_shoals, portal_ice_cave_entry_frozen_things
Shoals:2: layout_shoals, serial_shops, nicolae_shop_crystal, uniq_donald
Shoals:3: layout_shoals, serial_shops,
          nicolae_shop_temple_entry_statues_fountains, shop
Shoals:4: shoals_end_hangedman, layout_shoals, nicolae_shoals_mertower
Spider:1: layout_spider_delve
Spider:2: layout_chambers, hangedman_stitches_earthworm
Spider:3: layout_chambers, uniq_bai_suzhen
Spider:4: grunt_spider_rune_circles, uniq_arachne
Orc:1:    layout_diamond_mine, enter_bailey_6
Orc:2:    grunt_orc_community_town_hall, layout_diamond_mine,
          grunt_orc_community_big_house_2, grunt_orc_community_big_house_2,
          grunt_orc_community_house_2, grunt_orc_community_house_3,
          grunt_orc_community_house_3, grunt_orc_community_house_1,
          grunt_orc_community_house_2, grunt_orc_community_house_2
Vaults:1: nicolae_vaults_network_periphery, vaults_mumra_chevron,
          nicolae_vaults_little_squares_5, v_pattern_3, vaults_dpeg_diagonal,
          v_misc_29, ontoclasm_vaults_ring_square, layout_vaults_omnigrid,
          serial_shops, shop
Vaults:2: ontoclasm_vaults_ring_square, grunt_vaults_trifunnel,
          grunt_vaults_funnel, vaults_room_door_ring, v_misc_32, v_misc_8,
          v_misc_9, vaults_standard_mumra_x, minmay_crypt_entry_simple_plaza,
          gammafunk_the_bubble [the_bubble_gammafunk_plus_minus],
          vaults_mumra_hex, vaults_room_ringed_pool, layout_vaults_omnibox,
          serial_shops, nicolae_shop_overgrown_old_shop, shop_coins, uniq_jory,
          uniq_aizul
Vaults:3: v_misc_29, nicolae_vaults_little_squares_6, hangedman_vaults_stagger,
          nicolae_vaults_twisting_passages, st_diamondy,
          hangedman_vaults_restitches, v_misc_27, vaults_mumra_minichess,
          ontoclasm_vaults_twist, layout_vaults_big_room
Vaults:4: nicolae_vaults_inception_scallops, vaults_room_grid,
          nicolae_vaults_windows_and_doors_thing, hangedman_vaults_hat,
          v_misc_24, v_misc_1, nicolae_vaults_network_barrier,
          ontoclasm_vaults_hangar, vaults_room_fancy_cross, vaults_room_grid,
          nicolae_vaults_angled_halls, nicolae_vaults_diagonal_hallway_8,
          vaults_room_hallway, layout_vaults_maze, serial_shops,
          nicolae_square_shop
Vaults:5: serial_shops
Depths:1: layout_gridlike, minmay_hedge_maze, hell_entry,
          nicolae_wu_jian_wuxing_cycle
Depths:2: minmay_bubble_buster, layout_basic, enter_ziggurat_b, grunt_decor_cap,
          grunt_mini_vestibule, minmay_staircase_windowed_small
Depths:3: hangedman_elemental_death_ray, layout_basic,
          minmay_misc_feat_secret_circle, hangedman_geh_valley,
          grunt_pan_entry_sceptre, minmay_staircase_statues, minmay_shop_grove
Depths:4: minmay_the_grid_ultimate
          [minmay_the_grid_prize_four_corners_diamond_b,
          minmay_the_grid_prize_four_corners, minmay_the_grid_prize_big_room,
          minmay_the_grid_prize_trominoes, minmay_the_grid_square_5x5_inset,
          minmay_the_grid_square_5x5_slash,
          minmay_the_grid_square_5x5_intrusive_squares,
          minmay_the_grid_square_5x5_spiral,
          minmay_the_grid_square_5x5_inverted_slash,
          minmay_the_grid_square_5x5_hollow_slash,
          minmay_the_grid_square_5x5_lines, minmay_the_grid_square_5x5_c,
          minmay_the_grid_square_5x5_six_small,
          minmay_the_grid_square_5x5_checkered_statues,
          minmay_the_grid_square_5x5_two_small, minmay_the_grid_square_5x5_two,
          minmay_the_grid_square_5x5_bracketed,
          minmay_the_grid_square_5x5_one_wall,
          minmay_the_grid_square_5x5_gyroscope,
          minmay_the_grid_triangle_9x9_from_above,
          minmay_the_grid_triangle_9x9_descending_squares,
          minmay_the_grid_triangle_9x9_checkered,
          minmay_the_grid_triangle_9x9_semitri,
          minmay_the_grid_triangle_9x9_dagger,
          minmay_the_grid_triangle_9x9_limited_checkers,
          minmay_the_grid_triangle_9x9_empty,
          minmay_the_grid_triangle_9x9_intruding_spiral,
          minmay_the_grid_triangle_9x9_zippers_horizontal,
          minmay_the_grid_triangle_9x9_odd_lines,
          minmay_the_grid_triangle_9x9_alien,
          minmay_the_grid_triangle_9x9_fully_insulated_deathbox,
          minmay_the_grid_triangle_9x9_impossible_snake,
          minmay_the_grid_triangle_9x9_cache,
          minmay_the_grid_triangle_9x9_swiss_cheese,
          minmay_the_grid_triangle_9x9_windchime,
          minmay_the_grid_square_5x5_bite, minmay_the_grid_octo_shrine,
          minmay_the_grid_octo_empty, minmay_the_grid_octo_fat_diamond,
          minmay_the_grid_octo_clover_2, minmay_the_grid_octo_pinwheel,
          minmay_the_grid_octo_checkerflower, minmay_the_grid_octo_clover,
          minmay_the_grid_octo_empty, minmay_the_grid_slots,
          minmay_the_grid_mess, minmay_the_grid_minigrid_small_alt,
          minmay_the_grid_garden], hell_entry, abyss_entry, serial_shops
Depths:5: grunt_zot_entry_gee_three, layout_gridville, abyss_entry, hell_entry,
          grunt_pan_entry_zigzag, kiku_gazebo_pond_becter

Skill      XL: |  1  2  3  4  5  6  7  8  9 10 11 12 13 14 15 16 17 18 19 20 21 22 23 24 25 26 |
---------------+-------------------------------------------------------------------------------+-----
Fighting       | 1 2 3 4 5 6 8 9 10 11 12 13 14 15 16 17 18 19 20 | 20.3
Stealth        | 2 3 4 5 6 7 8 9 10 11 12 13 14 | 14.2
Short Blades   | 1 2 3 4 5 6 7 8 9 10 11 12 | 12.0
Dodging        | 3 4 5 6 7 8 9 10 11 12 13 14 15 16 17 18 | 18.5
Spellcasting   | 4 5 6 7 8 9 10 11 12 13 14 15 16 | 16.6
Evocations     | 2 3 4 5 6 7 8 9 10 11 12 13 14 | 14.7
Invocations    | 2 4 5 6 7 8 9 10 11 12 13 14 | 14.2

Action                   |  1- 3 |  4- 6 |  7- 9 | 10-12 | 13-15 | 16-18 | 19-21 | 22-24 | 25-27 || total
-------------------------+-------+-------+-------+-------+-------+-------+-------+-------+-------++-------
Melee: Dagger            |    16 |    16 |    38 |    23 |       |       |       |       |       ||    93
       Short sword       |       |       |       |    12 |    33 |       |       |       |       ||    45
       Rapier            |       |       |       |       |   101 |   288 |     4 |    61 |     2 ||   456
 Cast: Magic Dart        |    57 |    75 |    89 |    95 |   103 |   137 |    85 |    27 |    22 ||   690
       Searing Ray       |     3 |    13 |    43 |    40 |       |       |       |       |       ||    99
       Animate Skeleton  |     1 |       |     1 |     8 |    26 |       |       |       |       ||    36
       Fulminant Prism   |       |     1 |    18 |    51 |    20 |    15 |     3 |     3 |     1 ||   112
       Corpse Rot        |       |     1 |       |       |       |       |       |       |       ||     1
       Iskenderun's Myst |       |       |    22 |    94 |   218 |   238 |   241 |   388 |   189 ||  1390
       Summon Lightning  |       |       |     5 |    29 |    23 |    17 |     2 |       |       ||    76
       Metabolic Englaci |       |       |       |     2 |    51 |    30 |     9 |     2 |     2 ||    96
       Fireball          |       |       |       |       |   262 |   309 |   437 |   239 |    97 ||  1344
       Death Channel     |       |       |       |       |     7 |     1 |     2 |       |       ||    10
       Monstrous Menager |       |       |       |       |       |     8 |       |       |     2 ||    10
       Orb of Destructio |       |       |       |       |       |       |    85 |   192 |   117 ||   394
       Necromutation     |       |       |       |       |       |       |       |     1 |       ||     1
       Borgnjor's Revivi |       |       |       |       |       |       |       |       |     1 ||     1
Invok: Minor Destruction |       |       |       |     1 |       |     1 |       |       |       ||     2
       Major Destruction |       |       |       |       |       |     2 |     1 |       |       ||     3
Evoke: Box of beasts     |       |       |       |       |       |     1 |       |       |       ||     1
  Use: Scroll            |       |     3 |     3 |     7 |     2 |    12 |     8 |     1 |     2 ||    38
       Potion            |       |       |       |     1 |     1 |     1 |     2 |       |       ||     5
 Stab: Sleeping          |     1 |       |       |       |       |     3 |       |     1 |       ||     5
       Distracted        |       |       |       |       |     1 |     1 |       |     1 |       ||     3
Armor: Robe              |     7 |     2 |    22 |    50 |    42 |   110 |    27 |    29 |    20 ||   309
       Skin              |       |       |     2 |       |       |       |       |       |       ||     2
Dodge: Dodged            |    18 |     9 |   110 |   131 |   197 |   398 |   220 |   291 |   132 ||  1506
